 Dungeon Crawl Stone Soup version 0.24-a0-447-ge8da9206dc (webtiles) character file.

Game seed: 3057877005429755002

10316 Krouwed the Covert (level 11, -15/84 HPs)
             Began as a Vampire Assassin on June 25, 2019.
             Was a Follower of Uskayaw.
             Demolished by a red ugly thing (23 damage)
             ... on level 11 of the Dungeon.
             The game lasted 00:54:05 (12198 turns).

Krouwed the Covert (Vampire Assassin)              Turns: 12198, Time: 00:54:06

Health: -15/84     AC:  7    Str: 13    XL:     11   Next: 34%
Magic:  12/12      EV: 16    Int: 13    God:    Uskayaw [*.....]
Gold:   554        SH:  5    Dex: 17    Spells: 10/10 levels left

rFire    . . .     SeeInvis +   z - +3 short sword (freeze)
rCold    . . .     Gourm    .   a - +0 buckler {rN+}
rNeg     + + .     Faith    .   l - +0 ring mail
rPois    .         Spirit   .   (no helmet)
rElec    .         Reflect  .   c - +0 cloak
rCorr    +         Harm     .   A - +0 pair of gloves
MR       +....                  (no boots)
Stlth    +++++.....             (no amulet)
HPRegen  0.44/turn              b - ring of positive energy
MPRegen  0.13/turn              f - ring of resist corrosion

@: regenerating quickly
A: no food, fangs 3, see invisible, unbreathing
a: Exsanguinate, Stomp, Renounce Religion


You were on level 11 of the Dungeon.
You worshipped Uskayaw.
Uskayaw was noncommittal.
You were alive.

You visited 2 branches of the dungeon, and saw 12 of its levels.

You collected 741 gold pieces.
You spent 187 gold pieces at shops.

Inventory:

Hand Weapons
 z - a +3 short sword of freezing (weapon)
Missiles
 k - 5 atropa-tipped darts
 o - 3 javelins (quivered)
 p - 3 silver boomerangs
 I - 19 poisoned darts
Armour
 a - a +0 buckler of positive energy (worn)
 c - a +0 cloak (worn)
 l - a +0 ring mail (worn)
 u - a +0 shield
 A - a +0 pair of gloves (worn)
Jewellery
 b - a ring of positive energy (left hand)
 f - a ring of resist corrosion (right hand)
 g - a +4 ring of dexterity {unknown}
 x - an uncursed ring of fire
 N - a +3 ring of protection {unknown}
Wands
 d - a wand of digging (4)
 v - a wand of enslavement (7)
Scrolls
 h - 6 scrolls of remove curse
 i - 5 scrolls of immolation
 j - 2 scrolls of teleportation
 n - 2 scrolls of enchant weapon
 s - a scroll of noise
 y - 2 scrolls of silence {unknown}
 D - a scroll of random uselessness {unknown}
 F - a scroll of blinking {unknown}
 H - 4 scrolls of identify
 L - a scroll of enchant armour {unknown}
 M - a scroll of magic mapping {unknown}
Potions
 e - a potion of magic
 m - a potion of invisibility {unknown}
 q - 3 potions of flight
 r - 2 potions of lignification
 t - 2 potions of degeneration
 w - a potion of cancellation
 B - 2 potions of agility
 C - 2 potions of brilliance
 G - a potion of resistance {unknown}
 J - a potion of might {unknown}
 K - 2 potions of curing {unknown}


   Skills:
 + Level 7.3 Fighting
 + Level 8.8 Short Blades
 + Level 6.6 Throwing
 + Level 8.4 Dodging
 + Level 13.0 Stealth
 + Level 3.9 Shields
 + Level 1.7 Invocations


You had 10 spell levels left.
You didn't know any spells.
Your spell library contained the following spells:

 Spells                   Type           Power        Failure   Level  Hunger
 Freeze                   Ice            #...         56%         1    N/A
 Magic Dart               Conj           #...         56%         1    N/A
 Searing Ray              Conj           #.....       71%         2    N/A
 Throw Frost              Conj/Ice       #.....       71%         2    N/A
 Dazzling Spray           Conj/Hex       #.....       90%         3    N/A
 Ozocubu's Armour         Chrm/Ice       #.......     90%         3    N/A
 Force Lance              Conj/Tloc      #.......     100%        4    N/A
 Fulminant Prism          Conj/Hex       #.........   100%        4    N/A
 Iskenderun's Mystic Bla  Conj           #.......     100%        4    N/A
 Summon Ice Beast         Ice/Summ       #.......     100%        4    N/A
 Throw Icicle             Conj/Ice       #.......     100%        4    N/A

Dungeon Overview and Level Annotations

Branches:
Dungeon (11/15)            Temple (1/1) D:6
   Lair: D:8-11         Orc: D:9-12

Altars:
Ashenzari
Cheibriados
Dithmenos
Elyvilon
Fedhas
Gozag
Hepliaklqana
Kikubaaqudgha
Makhleb
Nemelex Xobeh
Okawaru
Qazlal
Ru
Sif Muna
Trog
Uskayaw
Vehumet
Wu Jian
Xom
Yredelemnul
Zin
The Shining One

Shops:
D:7 [


Innate Abilities, Weirdness & Mutations

You do not eat.
Your natural rate of healing is unusually fast.
You have razor-sharp teeth.
You have supernaturally acute eyesight. (SInv)
You can survive without breathing.


Message History

You are engulfed in flames!
* * * LOW HITPOINT WARNING * * *
Okay, then.
Found a stone staircase leading down.
You can no longer pass through a line of other dancers.
The red ugly thing looks more healthy.
The wyvern skeleton closely misses you.
Throwing (i - inventory. (/) - cycle)
o - 4 javelins (quivered)
Press: ? - help, Shift-Dir - straight line, f/p - red ugly thing
Aim: a red ugly thing (moderately wounded)
You throw a javelin.
The javelin completely misses the red ugly thing.
The javelin pierces through the wyvern skeleton but does no damage.
The wyvern skeleton is almost destroyed.
The javelin closely misses the adder.
The javelin barely misses the black bear.
The red ugly thing tail-slaps you.
* * * LOW HITPOINT WARNING * * *
You are engulfed in flames!!
You die...

#.# ##.## #.# ##.#.##
##.## ##.###.##
#...###### ##.## ##.##
#.#......# #.###.## ##..
#...####.#
#......#####.## #####
#.# #######...#.###
#.##############....####
#......@uZS.h.Z..(......
########################


You could see a red ugly thing, a black bear, an adder, a wyvern skeleton and a
howler monkey skeleton.

Vanquished Creatures
  A two-headed ogre (D:9)
  An unseen horror (D:10)
  A cyclops (D:6)
  Maurice (D:8)
  Joseph (D:8)
  Prince Ribbit (D:8)
  A hippogriff (D:8)
  Sigmund (D:6)
  6 yaks
  A human (D:7)
  A wyvern (D:10)
  3 hogs (D:7)
  Grum (D:8)
  A water moccasin (D:7)
  3 orc warriors
  2 sky beasts (D:9)
  2 black bears
  4 ice beasts
  A phantom (D:10)
  14 ogres
  3 wolves
  2 centaurs
  A necrophage (D:7)
  3 big kobolds
  2 bullfrogs
  A gnoll sergeant (D:5)
  A scorpion (D:5)
  A wyvern skeleton (D:9)
  6 killer bees
  14 wights
  6 crimson imps
  A quasit (D:9)
  3 centaur zombies
  2 bullfrog zombies
  5 orc priests
  11 hounds
  A jelly (D:7)
  2 centaur skeletons (D:9)
  3 iguanas
  Terence (D:3)
  Natasha (thrice) (D:2)
  4 orc wizards
  7 worker ants
  Robin (D:3)
  2 worker ant zombies
  13 adders
  5 gnolls (D:5)
  A shadow imp (D:9)
  3 oozes
  An adder zombie (D:8)
  A worm (D:2)
  An adder skeleton (D:4)
  A dart slug (D:3)
  6 leopard geckos
  27 orcs
  4 ball pythons
  9 giant cockroaches
  15 goblins
  11 hobgoblins
  22 jackals
  17 kobolds
  4 quokkas
  6 bats
  5 frilled lizards
  A leopard gecko zombie (D:6)
  10 rats
296 creatures vanquished.

Notes
Turn   | Place    | Note
-------+----------+-------------------------------------------
     0 | D:1      | Krouwed the Vampire Assassin began the quest for the Orb.
     0 | D:1      | Reached XP level 1. HP: 16/16 MP: 1/1
   145 | D:1      | Reached skill level 6 in Stealth
   145 | D:1      | Reached XP level 2. HP: 22/22 MP: 2/2
   756 | D:2      | Reached XP level 3. HP: 27/27 MP: 3/3
  1056 | D:2      | Reached XP level 4. HP: 32/33 MP: 4/4
  1205 | D:2      | Noticed Natasha
  1235 | D:2      | Killed Natasha
  2087 | D:2      | Noticed Natasha
  2097 | D:2      | Killed Natasha
  2314 | D:2      | Noticed Natasha
  2324 | D:2      | Killed Natasha
  2324 | D:2      | Reached XP level 5. HP: 26/39 MP: 5/5
  2719 | D:3      | Found a basalt altar of Yredelemnul.
  2724 | D:3      | Noticed Robin
  2893 | D:3      | Killed Robin
  2893 | D:3      | Reached skill level 7 in Stealth
  3180 | D:3      | Found a stormy altar of Qazlal.
  3231 | D:3      | Noticed Terence
  3236 | D:3      | Killed Terence
  3236 | D:3      | Reached XP level 6. HP: 47/47 MP: 6/6
  3689 | D:3      | Found a shimmering altar of Xom.
  3689 | D:3      | Found a glowing golden altar of the Shining One.
  3695 | D:3      | Found a burning altar of Makhleb.
  3698 | D:3      | Found an opulent altar of Gozag.
  3700 | D:3      | Found an ancient bone altar of Kikubaaqudgha.
  3972 | D:4      | Reached XP level 7. HP: 52/52 MP: 7/7
  4065 | D:4      | Reached skill level 8 in Stealth
  4501 | D:5      | Entered Level 5 of the Dungeon
  4891 | D:5      | Got a shadowed robe
  4902 | D:5      | Identified the +1 robe of the Meadowlark {rN+ Int+3} (You
                  | found it on level 5 of the Dungeon)
  4936 | D:5      | Reached skill level 5 in Short Blades
  4936 | D:5      | Reached XP level 8. HP: 23/60 MP: 8/8
  5621 | D:5      | Reached skill level 9 in Stealth
  5753 | D:6      | Found a staircase to the Ecumenical Temple.
  5817 | Temple   | Entered the Ecumenical Temple
  6116 | D:6      | Reached skill level 5 in Dodging
  6138 | D:6      | Noticed a cyclops
  6851 | D:6      | Noticed Sigmund
  6938 | D:6      | Killed Sigmund
  6995 | D:6      | Reached skill level 5 in Fighting
  7063 | D:6      | Reached skill level 10 in Stealth
  7247 | D:6      | Reached XP level 9. HP: 41/54 MP: 9/9
  7467 | D:6      | Killed a cyclops
  7798 | D:6      | Reached skill level 5 in Throwing
  8481 | D:7      | Reached skill level 11 in Stealth
  8605 | D:7      | Found a shattered altar of Ashenzari.
  8826 | D:7      | Found Toaphum's Antique Armour Emporium.
  8907 | D:7      | Bought a shiny buckler for 187 gold pieces
  9052 | D:7      | Reached XP level 10. HP: 63/76 MP: 10/10
  9089 | D:7      | Reached skill level 1 in Shields
  9446 | D:8      | Noticed Grum
  9615 | D:8      | Killed Grum
  9761 | D:8      | Noticed Prince Ribbit
  9774 | D:8      | Killed Prince Ribbit
  9893 | D:8      | Reached skill level 12 in Stealth
 10118 | D:8      | Noticed Maurice
 10135 | D:8      | Killed Maurice
 10278 | D:8      | Noticed Joseph
 10298 | D:8      | Killed Joseph
 10511 | D:9      | Found a hide-covered altar of Uskayaw.
 10528 | D:9      | Became a worshipper of Uskayaw the Reveler
 10568 | D:9      | Reached * piety under Uskayaw
 10571 | D:9      | Reached ** piety under Uskayaw
 10580 | D:9      | Reached XP level 11. HP: 56/84 MP: 6/11
 10674 | D:9      | Found an iron altar of Okawaru.
 10724 | D:9      | Noticed a two-headed ogre
 10727 | D:9      | Killed a two-headed ogre
 10765 | D:9      | Reached skill level 1 in Invocations
 11145 | D:9      | Reached *** piety under Uskayaw
 11207 | D:10     | Entered Level 10 of the Dungeon
 11238 | D:10     | Reached **** piety under Uskayaw
 11261 | D:10     | Reached ***** piety under Uskayaw
 11901 | D:10     | Noticed an unseen horror
 11917 | D:10     | Killed an unseen horror
 11917 | D:10     | Reached skill level 13 in Stealth
 12147 | D:11     | Noticed a two-headed ogre
 12147 | D:11     | Noticed a red ugly thing
 12198 | D:11     | Demolished by a red ugly thing

Levels and vault maps discovered:
D:1:      saegor_arrival_simple_e, layout_loops_cross, serial_rivers,
          chequers_serial_rivers_micro_c, chequers_serial_rivers_marsh,
          chequers_serial_rivers_marsh, chequers_serial_rivers_micro_c,
          chequers_hall_statues_wall_a, minmay_3d_cube
D:2:      layout_loops_ring, first_ration, kennysheep_generic_room_14,
          uniq_natasha
D:3:      layout_loops_ring, yredelemnul_altar_generic,
          chequers_temple_overflow_minitemple, nicolae_qazlal_general_emergency,
          uniq_terence, uniq_robin
D:4:      layout_loops_cross
D:5:      wad_lake_hut, layout_basic, lightli_minifort
D:6:      cheibrodos_fzero, layout_basic, minmay_temple_entry_gardened_gates,
          hangedman_decor_diamond_cutter, uniq_sigmund
D:7:      cheibrodos_barr_body, layout_loops_ring, lemuel_doored_altar,
          serial_shops, nicolae_shop_stone, grunt_livestock,
          chequers_serial_rivers_micro_c
D:8:      layout_loops_cross, uniq_maurice, uniq_joseph, uniq_prince_ribbit1,
          uniq_grum
D:9:      layout_loops_cross, marbit_many_paths, okawaru_metal_pillars_3
D:10:     layout_roguey
D:11:     minmay_the_grid_square_5x5_5x5_mashed
          [minmay_the_grid_square_5x5_checkered_statues,
          minmay_the_grid_square_5x5_six, minmay_the_grid_square_5x5_shrine2,
          minmay_the_grid_square_5x5_spiral_small,
          minmay_the_grid_square_5x5_two_small,
          minmay_the_grid_square_5x5_eight_small,
          minmay_the_grid_square_5x5_prize_waves,
          minmay_the_grid_square_5x5_two,
          minmay_the_grid_square_5x5_prize_deathbox,
          minmay_the_grid_square_5x5_comb, minmay_the_grid_square_5x5_longway,
          minmay_the_grid_square_5x5_pentomino_r,
          minmay_the_grid_square_5x5_prize_junk,
          minmay_the_grid_square_5x5_inner_i,
          minmay_the_grid_square_5x5_misaligned,
          minmay_the_grid_square_5x5_mess,
          minmay_the_grid_square_5x5_prize_open,
          minmay_the_grid_square_5x5_minimal,
          minmay_the_grid_square_5x5_prize_open,
          minmay_the_grid_square_5x5_dogpile,
          minmay_the_grid_square_5x5_percent, minmay_the_grid_square_5x5_bridge,
          minmay_the_grid_square_5x5_beaten_path,
          minmay_the_grid_square_5x5_detours,
          minmay_the_grid_square_5x5_half_checkered], layout_loops_ring,
          lair_entry_dummy, zombieorc2_lemuel
Temple:   dpeg_chambers_temple

Skill      XL: |  1  2  3  4  5  6  7  8  9 10 11 |
---------------+----------------------------------+-----
Stealth        | 6 7 8 10 11 12 13 | 13.0
Fighting       | 2 3 4 5 6 7 |  7.3
Throwing       | 2 3 4 5 6 |  6.6
Dodging        | 2 3 4 5 7 8 |  8.4
Short Blades   | 3 4 5 6 7 8 |  8.8
Shields        | 3 |  3.9
Invocations    | 1 |  1.7

Action                   |  1- 3 |  4- 6 |  7- 9 | 10-12 || total
-------------------------+-------+-------+-------+-------++-------
Melee: Dagger            |    62 |   139 |   350 |       ||   551
       Bite              |     5 |    17 |    49 |    49 ||   120
       Short sword       |       |    34 |    71 |   459 ||   564
       Falchion          |       |       |    30 |       ||    30
Throw: Dart              |    26 |    87 |   111 |    60 ||   284
       Boomerang         |       |     5 |    41 |    27 ||    73
       Javelin           |       |       |    10 |     8 ||    18
Invok: Line Pass         |       |       |       |     3 ||     3
       Stomp             |       |       |       |     1 ||     1
 Abil: Exsanguinate      |       |       |     1 |       ||     1
       Revivify          |       |       |     1 |       ||     1
  Use: Scroll            |       |     2 |    11 |     3 ||    16
       Potion            |       |       |     3 |     1 ||     4
 Stab: Sleeping          |     6 |    14 |    11 |    10 ||    41
       Distracted        |     1 |       |       |     2 ||     3
       Invisible         |       |       |     5 |     3 ||     8
       Paralysed         |       |       |       |     4 ||     4
       Confused          |       |       |       |     1 ||     1
Armor: Leather armour    |     9 |       |       |       ||     9
       Ring mail         |     9 |    48 |    76 |    89 ||   222
Dodge: Dodged            |    28 |   121 |   203 |   258 ||   610
Block: Buckler           |       |       |     1 |    84 ||    85
       Rpst.: Falchion   |       |       |     4 |       ||     4

Table legend:
 A = Non-vault XP
 B = Vault XP
 C = Vault XP percentage of total XP
 D = Non-vault monster count
 E = Vault monster count
 F = Vault count percentage of total count
                 A         B        C        D         E       F
            +---------+---------+-------+---------+---------+-------
      Total |    9915 |    4823 |  32.7 |     242 |      54 |  18.2
            +---------+---------+-------+---------+---------+-------
        D:1 |      33 |       6 |  15.4 |      16 |       4 |  20.0
        D:2 |     193 |      43 |  18.2 |      25 |       5 |  16.7
        D:3 |     102 |      63 |  38.2 |      36 |       8 |  18.2
        D:4 |     484 |       0 |   0.0 |      16 |       0 |   0.0
        D:5 |     624 |     421 |  40.3 |      13 |       9 |  40.9
        D:6 |     915 |     863 |  48.5 |      21 |       6 |  22.2
        D:7 |    1043 |    1673 |  61.6 |      25 |      15 |  37.5
        D:8 |    1359 |    1638 |  54.7 |      44 |       6 |  12.0
        D:9 |    3618 |     116 |   3.1 |      31 |       1 |   3.1
       D:10 |    1544 |       0 |   0.0 |      15 |       0 |   0.0
            +---------+---------+-------+---------+---------+-------
